 Dungeon Crawl Stone Soup version 0.28.0-45-g0d030f2227 (webtiles) character file.

Game seed: 18122720405946319585

1428 101zpm the Cudgeller (level 8, 0/49 HPs)
             Began as a Gargoyle Fighter on Apr 4, 2022.
             Was an Initiate of the Shining One.
             Killed from afar by an orc wizard (4 damage)
             ... with a magic dart
             ... on level 6 of the Dungeon.
             The game lasted 00:16:36 (6850 turns).

101zpm the Cudgeller (Gargoyle Fighter)             Turns: 6850, Time: 00:16:37

Health: 0/49       AC: 18    Str: 21    XL:     8   Next: 72%
Magic:  8/8        EV:  7    Int: 10    God:    the Shining One [......]
Gold:   342        SH:  4    Dex:  9    Spells: 7/7 levels left

rFire   . . .      SeeInvis .   v - +1 whip (elec)
rCold   . . .      Faith    .   c - +0 buckler
rNeg    + . .      Spirit   .   n - +0 chain mail
rPois   ∞          Reflect  .   y - +1 helmet
rElec   +          Harm     .   k - scarf {repulsion}
rCorr   .          Rampage  .   (no gloves)
Will    .....                   (no boots)
Stlth   ..........              (no amulet)
HPRegen 0.16/turn               (no ring)
MPRegen 0.11/turn               (no ring)

@: glowing, repel missiles
A: sickness immunity, AC +5, negative energy resistance 1, electricity
resistance, torment resistance 1, petrification resistance
a: Renounce Religion


You were on level 6 of the Dungeon.
You worshipped the Shining One.
The Shining One was noncommittal.
You visited 2 branches of the dungeon, and saw 7 of its levels.

You collected 342 gold pieces.

Inventory:

Hand Weapons
 a - a +4 dagger
 v - a +1 whip of electrocution (weapon)
Missiles
 l - 4 silver javelins
 w - 20 poisoned darts (quivered)
 x - 3 atropa-tipped darts
Armour
 b - a +0 scale mail
 c - a +0 buckler (worn)
 k - a scarf of repulsion (worn)
 n - a +0 chain mail (worn)
 p - a +0 helmet
 y - a +1 helmet (worn)
Wands
 s - a wand of paralysis (28)
 u - a wand of iceblast (8)
Scrolls
 e - a scroll of fog
 f - a scroll of magic mapping
 g - 5 scrolls of identify
 i - a scroll of noise {unknown}
 m - a scroll of amnesia {unknown}
 o - 3 scrolls of teleportation
 t - a scroll of fear {unknown}
 A - a scroll of enchant armour {unknown}
 B - a scroll of vulnerability {unknown}
Potions
 d - a potion of might
 h - 2 potions of attraction {unknown}
 j - 2 potions of heal wounds {unknown}
 q - a potion of lignification {unknown}
 r - a potion of curing {unknown}
 z - a potion of degeneration {unknown}
 C - 2 potions of brilliance {unknown}


   Skills:
 + Level 5.1 Fighting
 + Level 2.9 Short Blades
 * Level 6.6 Maces & Flails
 + Level 1.6 Throwing
 + Level 6.3 Armour
 + Level 1.3 Dodging
 + Level 0.6 Stealth
 + Level 4.6 Shields


You had 7 spell levels left.
You didn't know any spells.
Your spell library contained the following spells:

 Spells                   Type           Power      Damage    Failure   Level
 Shock                    Conj/Air       0%         1d3       98%         1
 Summon Small Mammal      Summ           0%         N/A       98%         1
 Call Canine Familiar     Summ           0%         N/A       100%        3
 Gell's Gravitas          Tloc           0%         N/A       100%        3
 Ignite Poison            Fire/Tmut/Pois 0%         N/A       100%        3
 Lesser Beckoning         Tloc           0%         N/A       100%        3
 Mephitic Cloud           Conj/Pois/Air  0%         N/A       100%        3
 Summon Guardian Golem    Hex/Summ       0%         N/A       100%        3
 Swiftness                Air            0%         N/A       100%        3
 Teleport Other           Tloc           0%         N/A       100%        3
 Airstrike                Air            0%         N/A       100%        4
 Animate Dead             Necr           0%         N/A       100%        4
 Freezing Cloud           Conj/Ice/Air   0%         6-21      100%        5
 Haunt                    Necr/Summ      0%         N/A       100%        7
 Infestation              Necr           0%         N/A       100%        8


Dungeon Overview and Level Annotations

Branches:
Dungeon (6/15)             Temple (1/1) D:5

Altars:
Cheibriados
Elyvilon
Gozag
Hepliaklqana
Kikubaaqudgha
Okawaru
Ru
Sif Muna
Trog
Vehumet
Wu Jian
Zin
The Shining One


Innate Abilities, Weirdness & Mutations

You are immune to sickness and miasma.
Your stone body is resilient. (AC +5)
You are immune to poison.
You resist negative energy. (rN+)
You are resistant to electric shocks. (rElec)
You are resistant to unholy torment.
You are immune to petrification.


Message History

You hit the orc.
The orc is severely wounded.
You hit something but do no damage. Lightning courses through something!!
Reactivating autopickup.
You feel a bit more experienced.
The orc priest invokes the aid of Beogh against you.
Pain shoots through your body! You block the orc's attack.
The orc wizard casts a spell.
The orc wizard flickers and vanishes!
Deactivating autopickup; reactivate with Ctrl-A.
The orc priest hits you with a +0 flail.
Things that are here:
a +0 dagger; a +0 robe; a water moccasin corpse
Okay, then.
As you read the scroll of teleportation, it crumbles to dust.
You feel strangely unstable. The orc hits you but does no damage.
The orc priest calls down the wrath of Beogh upon you.
Pain shoots through your body!
* * * LOW HITPOINT WARNING * * *
The orc priest hits you but does no damage.
The orc hits you but does no damage.
Your surroundings seem slightly different.
Found a scroll of identify.
Found a flail.
A magic dart appears from out of thin air!
The magic dart hits you but does no damage.
The orc priest looks satisfied for a moment.
You hear some strange, mumbled words.
Something tries to affect you, but you resist.
You see here 19 stones.
Something tries to affect you, but you resist.
A puff of flame appears from out of thin air!
The puff of flame is repelled.
The orc priest mumbles some strange prayers to Beogh against you.
Beogh smites you!
* * * LOW HITPOINT WARNING * * *
A magic dart appears from out of thin air!
The magic dart hits you.
You die...

###.......)....(........###......
..........####..........# #......
....#..#.# #.oo{.......#........
..........###................####
##........................##.#
#...[....###............## .#
........>..............#..#
##....########..............
#..............@......##..##
############..........# #.#
#............. # #..........###
#..........# ##........##
##......## ########


You could see an orc priest and an orc.

Vanquished Creatures
  A water moccasin (D:6)
  An ice beast (D:5)
  3 ogres
  A black bear (D:4)
  A necrophage (D:6)
  A kobold brigand (D:5)
  2 scorpions
  2 hounds
  An orc priest (D:3)
  A bullfrog skeleton (D:5)
  4 orc wizards
  3 iguanas (D:5)
  A hound zombie (D:5)
  7 adders
  9 gnolls (D:3)
  An adder skeleton (D:4)
  2 worms
  3 dart slugs
  4 orcs
  7 ball pythons
  3 endoplasms
  4 giant cockroaches
  30 goblins
  36 hobgoblins
  2 jackals (D:4)
  19 kobolds
  2 quokkas
  4 bats
  5 rats
160 creatures vanquished.

Notes
Turn   | Place    | Note
-------+----------+-------------------------------------------
     0 | D:1      | 101zpm the Gargoyle Fighter began the quest for the Orb.
     0 | D:1      | Reached XP level 1. HP: 14/14 MP: 1/1
   356 | D:2      | Reached XP level 2. HP: 18/19 MP: 2/2
   526 | D:3      | Reached XP level 3. HP: 24/24 MP: 3/3
  1276 | D:1      | Reached XP level 4. HP: 29/29 MP: 4/4
  1499 | D:1      | Found a faded altar of an unknown god.
  2208 | D:3      | Reached XP level 5. HP: 33/33 MP: 5/5
  2331 | D:3      | Reached skill level 1 in Short Blades
  2351 | D:3      | Reached skill level 1 in Dodging
  2923 | D:3      | Noticed an ogre
  2934 | D:3      | Killed an ogre
  2935 | D:3      | Reached XP level 6. HP: 21/38 MP: 6/6
  4951 | D:4      | Noticed a black bear
  4960 | D:4      | Killed a black bear
  4961 | D:4      | Reached skill level 5 in Armour
  4961 | D:4      | Reached XP level 7. HP: 40/43 MP: 7/7
  5420 | D:4      | Found a glowing silver altar of Zin.
  5519 | D:5      | Entered Level 5 of the Dungeon
  5832 | D:5      | Reached skill level 5 in Maces & Flails
  5832 | D:5      | Reached XP level 8. HP: 28/48 MP: 8/8
  5873 | D:5      | Found a staircase to the Ecumenical Temple.
  5962 | Temple   | Entered the Ecumenical Temple
  6055 | Temple   | Became a worshipper of the Shining One
  6092 | D:5      | HP: 2/48 [ogre/+0 giant club (17)]
  6106 | D:5      | Reached skill level 1 in Throwing
  6457 | D:5      | Reached skill level 5 in Fighting
  6850 | D:6      | Killed from afar by an orc wizard

Illustrated notes

Levels and vault maps discovered:
D:1:      amcnicky_arrival_underground_garden, layout_rooms,
          chequers_ecumenical_altar_grove
D:2:      layout_loops_cross
D:3:      minmay_goblin_kobold_castle, layout_loops_cross, dk_vineyard_2
D:4:      layout_rooms, zin_treasury, kennysheep_small_circle
D:5:      layout_rooms, minmay_temple_entry_statues_fountains
D:6:      layout_rooms, serial_shops, shop, kennysheep_generic_room_12
Temple:   nicolae_temple_hex_pool

Skill      XL: |  1  2  3  4  5  6  7  8 |
---------------+-------------------------+-----
Maces & Flails | 3 4 5 6 |  6.6
Armour         | 4 5 6 |  6.3
Short Blades   | 1 2 |  2.9
Fighting       | 4 5 |  5.1
Dodging        | 1 |  1.3
Shields        | 4 |  4.6
Throwing       | 1 |  1.6
Stealth        | |  0.6

Action                   |  1- 3 |  4- 6 |  7- 9 || total
-------------------------+-------+-------+-------++-------
Melee: Flail             |    81 |       |       ||    81
       Dagger            |    10 |   313 |       ||   323
       Whip              |       |    19 |   171 ||   190
Throw: Javelin           |       |    13 |       ||    13
       Dart              |       |     2 |    15 ||    17
  Use: Scroll            |       |     2 |     2 ||     4
Armor: Scale mail        |    64 |    18 |       ||    82
       Chain mail        |       |   208 |    91 ||   299
Dodge: Dodged            |    54 |   134 |    46 ||   234
       Repelled          |       |       |     1 ||     1
Block: Buckler           |    14 |    80 |    32 ||   126
